 Dungeon Crawl Stone Soup version 0.30-a0-534-gdc55766716 (webtiles) character file.

Game seed: 3767166758032590268

6 Jackthecabe the Firebug (level 1, -1/14 HPs)
             Began as a Demigod Fire Elementalist on Dec 24, 2022.
             Slain by a jackal (2 damage)
             ... on level 1 of the Dungeon.
             The game lasted 00:00:31 (140 turns).

Jackthecabe the Firebug (Demigod Fire Elementalist)  Turns: 140, Time: 00:00:31

Health: -1/14      AC:  2    Str:  9    XL:     1   Next: 60%
Magic:  0/5        EV: 12    Int: 17    God:
Gold:   0          SH:  0    Dex: 14    Spells: 3/4 levels left

rFire   . . .      SeeInvis .    (no weapon)
rCold   . . .      Faith    .    (no shield)
rNeg    . . .      Spirit   .    a - +0 robe
rPois   .          Reflect  .    (no helmet)
rElec   .          Harm     .    (no cloak)
rCorr   +          Rampage  .    (no gloves)
Will    .....                    (no boots)
Stlth   ++                       (no amulet)
HPRegen 0.22/turn                R - ring of resist corrosion
MPRegen 0.09/turn                (no ring)

@: no status effects
A: high MP 1, forlorn, divine attributes
a: no special abilities


You were on level 1 of the Dungeon.
You visited 1 branch of the dungeon, and saw 1 of its levels.


Innate Abilities, Weirdness & Mutations

You have an increased reservoir of magic. (+10% MP)
You shall have no god before yourself.
Your divine heritage dramatically boosts your attributes as you level up.


   Skills:
 - Level 1.7 Dodging
 - Level 1.7 Stealth
 + Level 2.0 Spellcasting
 - Level 0.8 Conjurations
 + Level 2.9 Fire Magic


You had 3 spell levels left.
You knew the following spells:

 Your Spells              Type           Power      Damage    Failure   Level
f - Foxfire               Conj/Fire      32%        2x1d5     9%          1

Your spell library contained the following spells:

 Spells                   Type           Power      Damage    Failure   Level
 Scorch                   Fire           22%        2d6       9%          2
 Inner Flame              Hex/Fire       6%         N/A       32%         3
 Kindle Blastsparks       Fire/Tloc/Air  10%        2d10      36%         3
 Flame Wave               Conj/Fire      8%         2d5       65%         4

Inventory:

Armour
 a - a +0 robe (worn)
Jewellery
 R - a ring of resist corrosion (left hand)
Scrolls
 c - a scroll of identify {unknown}
Potions
 b - a potion of magic

Dungeon Overview and Level Annotations

Branches:
Dungeon (1/15)

░░░░8░░░░ ░░.[.....░░
░░.░░░░░░░.░░ #.....#
░░.░░.....░░.░░ #.....#
░.░░.░░░░░.░░.░### #.....#
░.░.░░...░░.░░...# #.....#
░.░.░.░░░.░░.░...# #.....#
8.░.░.░8░..░.░░..# #.....#
░.░.░....░.░..░h@# #...).#
░.░..░8░.░.░░<░#h#######.....#...
░.░░.░░░.░░.░░░...............†..
░░.░░...) ░.8░░..#...###.........
░░.░░░░░░░.░░#.).......#####.)..
░░.......░░#....####..# ##.
░░░░8░░░░....#.. #..... ░░░
..##.###.#.#.#.# ### #. .#.#.# .


You could see 2 jackals.


Message History

The jackal misses you. The jackal bites you.
The jackal pauses to sniff the ground.
The jackal attacks as you move away! The jackal completely misses you.
You conjure some foxfire!
The jackal bites you but does no damage.
The jackal barely misses you.
You barely miss the jackal.
The foxfire hits the jackal.
The jackal is moderately wounded.
The foxfire hits the jackal.
The jackal is severely wounded.
The jackal bites you.
* * * LOW HITPOINT WARNING * * *
You closely miss the jackal.
The jackal is severely wounded.
The jackal bites you.
* * * LOW HITPOINT WARNING * * *
The jackal closely misses you.
You closely miss the jackal.
The jackal is severely wounded.
The jackal bites you.
* * * LOW HITPOINT WARNING * * *
The jackal misses you.
Unknown command.
You hit the jackal but do no damage.
The jackal is severely wounded.
The jackal closely misses you. x2
You hit the jackal but do no damage.
The jackal is severely wounded.
The jackal bites you.
You die...

Skill      XL: |  1 |
---------------+----+-----
Spellcasting   | 2 |  2.0
Dodging        | |  1.7
Stealth        | |  1.7
Conjurations   | |  0.8
Fire Magic     | |  2.9

Action                   || total
-------------------------++-------
Melee: Unarmed           ||    11
 Cast: Foxfire           ||    10
Armor: Robe              ||     1
Dodge: Dodged            ||    18

Levels and vault maps discovered:
D:1:      nagdon_arrival_double_spiral, layout_basic

Notes
Turn   | Place    | Note
-------+----------+-------------------------------------------
     0 | D:1      | Jackthecabe the Demigod Fire Elementalist began the quest
                  | for the Orb.
     0 | D:1      | Reached XP level 1. HP: 14/14 MP: 5/5
   119 | D:1      | Reached skill level 2 in Spellcasting
   138 | D:1      | HP: 1/14 [jackal (3)]
   140 | D:1      | Slain by a jackal

Vanquished Creatures
  A ball python (D:1)
  A goblin (D:1)
  2 jackals (D:1)
  A rat (D:1)
5 creatures vanquished.

Vanquished Creatures (others)
  15 foxfires (D:1)
15 creatures vanquished.

Grand Total: 20 creatures vanquished

Table legend: (Time is in decaauts)
 A = Elapsed time spent in this place.
 B = Non-inter-level travel time spent in this place.
 C = Inter-level travel time spent in this place.
 D = Time resting spent in this place.
 E = Time spent auto-exploring this place.
 F = Levels seen in this place.
 G = Mean time per level.
                   A        B        C        D        E       F      G
               +--------+--------+--------+--------+--------+-----+--------+
         Total |    139 |    139 |      0 |      0 |     98 |   1 |  139.0 |
       Dungeon |    139 |    139 |      0 |      0 |     98 |   1 |  139.0 |
               +--------+--------+--------+--------+--------+-----+--------+

Top non-repeatable levels by time:
     D:1: 139 daAuts

Table legend:
 A = Non-vault XP
 B = Vault XP
 C = Vault XP percentage of total XP
 D = Non-vault monster count
 E = Vault monster count
 F = Vault count percentage of total count
                 A         B        C        D         E       F
            +---------+---------+-------+---------+---------+-------
      Total |       9 |       0 |   0.0 |       5 |       0 |   0.0
            +---------+---------+-------+---------+---------+-------
        D:1 |       9 |       0 |   0.0 |       5 |       0 |   0.0
            +---------+---------+-------+---------+---------+-------
